 Dungeon Crawl Stone Soup version 0.21-a0-426-g98080a9 (webtiles) character file.

122 theanonym the Grave Robber (level 4, -3/30 HPs)
             Began as a Mummy Necromancer on Nov 7, 2017.
             Slain by Mathinus's ghost (7 damage)
             ... on level 3 of the Dungeon.
             The game lasted 00:04:40 (2893 turns).

theanonym the Grave Robber (Mummy Necromancer)      Turns: 2893, Time: 00:04:41

Health: -3/30      AC:  2    Str: 11    XL:     4   Next: 78%
Magic:  2/10       EV: 12    Int: 15    God:
Gold:   83         SH:  0    Dex: 12    Spells: 3/12 levels left

rFire    x . .     SeeInvis .   c - +0 spear
rCold    + + .     Gourm    .   (no shield)
rNeg     + + +     Faith    .   a - +0 robe
rPois    ∞         Spirit   .   (no helmet)
rElec    .         Reflect  .   (no cloak)
rCorr    .         Harm     .   (no gloves)
MR       .....                  (no boots)
Stlth    ++........             (no amulet)
HPRegen  0.10/turn              g - ring of protection from cold
MPRegen  0.12/turn              (no ring)

@: very slightly contaminated
A: no food or potions, fire vulnerability, cold resistance 1, negative energy
resistance 3, torment resistance, unbreathing
a: no special abilities


Innate Abilities, Weirdness & Mutations

You do not eat or drink.
Your flesh is vulnerable to fire.
You are immune to poison.
Your flesh is cold resistant. (rC+)
You are immune to negative energy. (rN+++)
You are immune to unholy pain and torment.
You can survive without breathing.


   Skills:
 - Level 1.5 Dodging
 - Level 1.5 Stealth
 + Level 4.8 Spellcasting
 + Level 5.2 Necromancy


You had 3 spell levels left.
You knew the following spells:

 Your Spells              Type           Power        Failure   Level  Hunger
a - Pain                  Necr           ###.         1%          1    N/A
b - Animate Skeleton      Necr           N/A          1%          1    N/A
c - Vampiric Draining     Necr           ###.......   6%          3    N/A
d - Animate Dead          Necr           N/A          19%         4    N/A

Skill      XL: |  1  2  3 |
---------------+----------+-----
Spellcasting   | 3 4 |  4.8
Necromancy     | 5 |  5.2
Dodging        | |  1.5
Stealth        | |  1.5

Action                   |  1- 3 |  4- 6 || total
-------------------------+-------+-------++-------
Melee: Unarmed           |    14 |       ||    14
       Spear             |     2 |    13 ||    15
 Cast: Pain              |    94 |    31 ||   125
       Animate Skeleton  |     1 |       ||     1
       Animate Dead      |       |     1 ||     1
  Use: Scroll            |     4 |       ||     4
Armor: Robe              |     1 |     3 ||     4
Dodge: Dodged            |    24 |     8 ||    32

Inventory:

Hand Weapons
 c - a +0 spear (weapon)
   (You found it on level 1 of the Dungeon)
Missiles
 j - a throwing net (quivered)
Armour
 a - a +0 robe (worn)
Jewellery
 g - a ring of protection from cold (left hand)
   (You found it on level 1 of the Dungeon)
 m - a +5 amulet of reflection {unknown}
   (You found it on level 3 of the Dungeon)
Scrolls
 d - a scroll of enchant weapon
 e - a scroll of immolation
 f - a scroll of fear {unknown}
 h - a scroll of magic mapping {unknown}
 i - a scroll of noise {unknown}
 k - a scroll of remove curse {unknown}
 l - a scroll of recharging {unknown}
 r - 2 scrolls of identify
Books
 b - a book of Necromancy

   Spells                             Type                      Level
   a - Pain                           Necromancy                   1
   b - Animate Skeleton               Necromancy                   1
   c - Vampiric Draining              Necromancy                   3
   d - Regeneration                   Charms/Necromancy            3
   e - Animate Dead                   Necromancy                   4
   f - Control Undead                 Necromancy                   4

Dungeon Overview and Level Annotations

Branches:
Dungeon (3/15)

Altars:
Fedhas
Uskayaw
Wu Jian

Annotations:
D:3 Mathinus's ghost, amateur MfIE


You were on level 3 of the Dungeon.
You were not hungry.

You visited 1 branch of the dungeon, and saw 3 of its levels.

You collected 83 gold pieces.


Message History

The hobgoblin shouts!
Found an escape hatch in the floor.
A kobold comes into view. It is wielding a whip.
Aim: a hobgoblin, wielding a club (chance to defeat MR: 89%)
The hobgoblin writhes in agony!
The kobold shouts!
The kobold throws a stone.
The stone hits you.
Aim: a hobgoblin, wielding a club (severely wounded, chance to defeat MR: 89%)
The hobgoblin writhes in agony!
You kill the hobgoblin!
You now have 8/10 mp.
Aim: a kobold, wielding a whip (chance to defeat MR: 89%)
The kobold writhes in agony!
You kill the kobold!
You now have 7/10 mp.
No target in view!
No target in view!
No target in view!
No target in view!
No target in view!
No target in view!
You see here a giant cockroach corpse.
Mathinus's ghost turns its malevolent gaze towards you.
There is a stone staircase leading up here.
You miscast Animate Dead.
You are very lightly contaminated with residual magic.
You sense a malignant aura.
* * * LOW MAGIC WARNING * * *
You now have 4/10 mp.
You call on the dead to rise...
The dead are walking and crawling!
* * * LOW MAGIC WARNING * * *
You now have 0/10 mp.
What are your orders? t - Shout!
Orders for allies: a - Attack new target. r - Retreat! s - Stop attacking. g - Guard the area. f - Follow me.
Anything else - Cancel.
Gang up on whom?
Aim: Mathinus's ghost Attack!
Your giant cockroach zombie misses Mathinus's ghost.
Your giant cockroach zombie bites Mathinus's ghost but does no damage.
You barely miss Mathinus's ghost.
Your giant cockroach zombie closely misses Mathinus's ghost.
Mathinus's ghost closely misses you.
You hit Mathinus's ghost.
Your giant cockroach zombie bites Mathinus's ghost but does no damage.
Mathinus's ghost hits you but does no damage.
You hit Mathinus's ghost but do no damage.
Your giant cockroach zombie bites Mathinus's ghost.
Mathinus's ghost barely misses you.
Your hobgoblin zombie barely misses Mathinus's ghost.
You hit Mathinus's ghost.
Your giant cockroach zombie barely misses Mathinus's ghost.
Mathinus's ghost closely misses you.
You hit Mathinus's ghost.
Your hobgoblin zombie hits Mathinus's ghost with a club.
Your giant cockroach zombie bites Mathinus's ghost but does no damage.
Mathinus's ghost hits you.
You take 6 damage, and have 24/30 hp.
You closely miss Mathinus's ghost.
Your giant cockroach zombie closely misses Mathinus's ghost.
Mathinus's ghost hits you.
Your hobgoblin zombie misses Mathinus's ghost.
You take 4 damage, and have 20/30 hp.
You hit Mathinus's ghost but do no damage.
Your giant cockroach zombie bites Mathinus's ghost but does no damage.
Mathinus's ghost misses you.
Your hobgoblin zombie hits Mathinus's ghost but does no damage.
You closely miss Mathinus's ghost.
Your giant cockroach zombie bites Mathinus's ghost but does no damage.
Mathinus's ghost hits you.
Your hobgoblin zombie closely misses Mathinus's ghost.
You take 3 damage, and have 17/30 hp.
You hit Mathinus's ghost.
Your giant cockroach zombie closely misses Mathinus's ghost.
Mathinus's ghost hits you.
* * * LOW HITPOINT WARNING * * *
Your giant cockroach zombie closely misses Mathinus's ghost.
You take 3 damage, and have 14/30 hp.
You hit Mathinus's ghost. Mathinus's ghost hits you.
* * * LOW HITPOINT WARNING * * *
Your hobgoblin zombie hits Mathinus's ghost with a club.
Your giant cockroach zombie completely misses Mathinus's ghost.
You take 2 damage, and have 12/30 hp.
You barely miss Mathinus's ghost. Mathinus's ghost barely misses you.
Your hobgoblin zombie barely misses Mathinus's ghost.
Your giant cockroach zombie bites Mathinus's ghost but does no damage.
Mathinus's ghost barely misses you.
You barely miss Mathinus's ghost.
Your hobgoblin zombie closely misses Mathinus's ghost.
Your giant cockroach zombie barely misses Mathinus's ghost.
Mathinus's ghost hits you!
* * * LOW HITPOINT WARNING * * *
You take 8 damage, and have 4/30 hp.
MASSIVE DAMAGE!!
You closely miss Mathinus's ghost.
Your giant cockroach zombie closely misses Mathinus's ghost.
Mathinus's ghost hits you!
You die...

##....## ##
#..#..#.......# .....#
#####..##.#.......#
#####.................#
........[...##..#.####..
##$......(..#....# ..
###....$........#.# ..
#......(.....#....#
>............#...
.#......Z.@..# .#
##.....ZW..##
#.......<.#
............#
###.......)..#
#..........#
#..........#
#..........# #........##


You could see Mathinus's ghost, a friendly giant cockroach zombie and a friendly
hobgoblin zombie.

Notes
Turn   | Place    | Note
-------+----------+-------------------------------------------
     0 | D:1      | theanonym the Mummy Necromancer began the quest for the Orb.
     0 | D:1      | Reached XP level 1. HP: 13/13 MP: 4/4
   357 | D:1      | Reached skill level 3 in Spellcasting
   445 | D:1      | Reached XP level 2. HP: 19/19 MP: 0/6
   449 | D:1      | Learned a level 1 spell: Animate Skeleton
  1248 | D:2      | Reached XP level 3. HP: 24/24 MP: 5/8
  1313 | D:2      | Noticed a scorpion
  1389 | D:2      | Learned a level 3 spell: Vampiric Draining
  1477 | D:2      | Found a hide-covered altar of Uskayaw.
  1936 | D:2      | Reached skill level 4 in Spellcasting
  2266 | D:2      | Killed a scorpion
  2266 | D:2      | Reached skill level 5 in Necromancy
  2266 | D:2      | Reached XP level 4. HP: 23/30 MP: 2/10
  2272 | D:2      | Learned a level 4 spell: Animate Dead
  2508 | D:2      | Found a blossoming altar of Fedhas.
  2509 | D:2      | Found an ornate altar of the Wu Jian Council.
  2664 | D:3      | Noticed Mathinus's ghost (amateur MfIE)
  2889 | D:3      | HP: 14/30 [Mathinus's ghost (3)]
  2892 | D:3      | HP: 4/30 [Mathinus's ghost (8)]
  2893 | D:3      | Slain by Mathinus's ghost

Vanquished Creatures
  A scorpion (D:2)
  5 worms
  3 dart slugs
  2 leopard geckos (D:1)
  7 giant cockroaches
  2 goblins (D:2)
  5 hobgoblins
  2 jackals (D:1)
  A quokka (D:2)
  2 ball pythons
  2 bats
  4 frilled lizards
  9 kobolds
  4 rats
49 creatures vanquished.
